 Dungeon Crawl Stone Soup version 0.27-a0-1196-g3e9cee4cb2 (webtiles) character file.

Game seed: 11601622689760341359

6864 Kinoniko the Grappler (level 10, -5/102 HPs)
             Began as a Troll Berserker on May 28, 2021.
             Was a High Priest of Trog.
             Slain by a yak (14 damage)
             ... while paralysed
             ... on level 9 of the Dungeon.
             The game lasted 00:10:13 (7488 turns).

Kinoniko the Grappler (Troll Berserker)             Turns: 7488, Time: 00:10:14

Health: -5/102     AC:  6    Str: 27    XL:     10   Next: 78%
Magic:  9/9        EV:  1    Int:  6    God:    Trog [*****.]
Gold:   440        SH:  0    Dex:  9    Spells: 9/9 levels left

rFire    . . .     SeeInvis .   n - +6 flail
rCold    . . .     Faith    .   (no shield)
rNeg     . . .     Spirit   .   a - +0 animal skin
rPois    .         Reflect  .   (helmet restricted)
rElec    .         Harm     .   q - +1 cloak
rCorr    .         Rampage  .   (gloves unavailable)
Will     .....                  (boots unavailable)
Stlth    +.........             (no amulet)
HPRegen  1.27/turn              (no ring)
MPRegen  0.11/turn              (no ring)

@: paralysed, on berserk cooldown, slowed
A: large, unfitting armour, claws 3, regeneration 1, shaggy fur 1, tough skin 1
a: Renounce Religion, Berserk, Trog's Hand, Brothers in Arms


You were on level 9 of the Dungeon.
You worshipped Trog.
Trog was extremely pleased with you.
You visited 1 branch of the dungeon, and saw 9 of its levels.

You collected 440 gold pieces.

Inventory:

Hand Weapons
 n - a +6 flail (weapon)
Missiles
 s - a throwing net
 t - 4 boomerangs of dispersal
Armour
 a - a +0 animal skin (worn)
 q - a +1 cloak (worn)
Wands
 j - a wand of mindburst (20)
 l - a wand of flame (43)
 o - a wand of digging (2)
Scrolls
 b - a scroll of vulnerability
 f - 5 scrolls of teleportation
 i - a scroll of fog
 p - a scroll of fear
 r - a scroll of identify
Potions
 c - 3 potions of flight
 d - a potion of cancellation {unknown}
 e - 3 potions of curing
 g - 2 potions of heal wounds
 h - 3 potions of haste
 k - a potion of resistance
 m - 2 potions of berserk rage
 u - a potion of might {unknown}


   Skills:
 + Level 7.1 Fighting
 * Level 8.4 Maces & Flails
 - Level 2.4 Dodging
 * Level 11.5 Unarmed Combat


You had 9 spell levels left.
You didn't know any spells.
Your spell library was empty.

Dungeon Overview and Level Annotations

Branches:
Dungeon (9/15)             Temple (0/1) D:4            Lair (0/6) D:8
    Orc: D:9-12

Altars:
Yredelemnul

Shops:
D:5 *


Innate Abilities, Weirdness & Mutations

You are too large for most types of armour.
You have claws for hands.
Your natural rate of healing is unusually fast.
You are covered in fur. (AC +1)
You have tough skin. (AC +1)


Message History

The yak bellows!
There is an open door here.
A red film seems to cover your vision as you go berserk!
You feel yourself moving faster!
You feel mighty!
You sock the yak!
The yak is moderately wounded.
The yak closely misses you.
You bludgeon the yak!!
The yak is almost dead.
You thump the yak!
You kill the yak!
Trog accepts your kill. The yak closely misses you.
You sock the yak!
The yak is moderately wounded.
The yak misses you.
You barely miss the yak.
The yak is moderately wounded.
You bludgeon the yak!!
You kill the yak!
Trog accepts your kill. The yak gores you! The yak gores you.
The yak gores you!
There is an open door, spattered with blood here.
You closely miss the yak. The yak gores you! x3
You thump the yak!
The yak is heavily wounded.
You sock the yak!
The yak is almost dead.
You are no longer berserk.
You pass out from exhaustion.
You feel yourself slow down. The yak gores you! x2
The yak gores you but does no damage. The yak gores you!
The yak gores you but does no damage. x3
The yak gores you. The yak gores you but does no damage. The yak gores you!
* * * LOW HITPOINT WARNING * * *
The yak gores you!
* * * LOW HITPOINT WARNING * * *
The yak gores you!
You die...

#.........#
+.......>.#
#....)....#
#..[......#
#.........#
#...Y?....#
#..YYY....#
#@# #.#
##.# #..#
##'#######
#.........
#.........
#.........
#.........


You could see 4 yaks.

Vanquished Creatures
  Harold (D:8)
  A two-headed ogre (D:9)
  A komodo dragon (D:8)
  Grinder (D:3)
  Sigmund (D:2)
  3 yaks
  Menkaure (D:7)
  4 water moccasins
  Duvessa (D:7)
  An orc warrior (D:8)
  3 ice beasts
  3 black bears
  3 sky beasts (D:6)
  A necrophage (D:6)
  6 ogres
  4 centaurs
  A phantom (D:4)
  A kobold brigand (D:7)
  A gnoll sergeant (D:6)
  4 bullfrogs
  Dowan (D:7)
  A scorpion (D:5)
  2 wyvern skeletons
  6 wights
  A howler monkey (D:5)
  3 centaur zombies
  Crazy Yiuf (D:4)
  3 jellies
  An orc priest (D:3)
  A centaur skeleton (D:7)
  Natasha (twice) (D:2)
  Jessica (D:3)
  5 iguanas
  Ijyb (D:3)
  A scorpion zombie (D:5)
  3 orc wizards
  2 hound skeletons
  7 gnolls
  A howler monkey skeleton (D:3)
  5 adders
  A white imp (D:5)
  An ufetubus (D:4)
  An adder skeleton (D:4)
  5 worms (D:3)
  5 dart slugs
  24 orcs
  9 ball pythons
  6 bats
  8 endoplasms
  8 giant cockroaches
  7 goblins
  6 hobgoblins
  11 jackals
  5 quokkas
  4 frilled lizards
  13 kobolds
  6 rats
210 creatures vanquished.

Vanquished Creatures (collateral kills)
  A sky beast (D:5)
  A kobold brigand (D:7)
  A wight (D:5)
  A gnoll shaman (D:5)
  3 gnolls (D:5)
  6 kobolds (D:7)
13 creatures vanquished.

Vanquished Creatures (others)
  A komodo dragon (D:8)
  15 fungi (D:8)
  13 plants (D:8)
29 creatures vanquished.

Grand Total: 252 creatures vanquished

Notes
Turn   | Place    | Note
-------+----------+-------------------------------------------
     0 | D:1      | Kinoniko the Troll Berserker began the quest for the Orb.
     0 | D:1      | Reached XP level 1. HP: 22/22 MP: 0/0
   137 | D:1      | Reached XP level 2. HP: 26/29 MP: 1/1
   184 | D:1      | Found a faded altar of an unknown god.
   400 | D:1      | Reached XP level 3. HP: 36/36 MP: 2/2
   427 | D:1      | Reached ** piety under Trog
   669 | D:2      | Noticed Sigmund
   678 | D:2      | Reached skill level 4 in Unarmed Combat
   685 | D:2      | Killed Sigmund
   686 | D:2      | Reached skill level 5 in Unarmed Combat
   686 | D:2      | Reached XP level 4. HP: 32/45 MP: 3/3
   686 | D:2      | Reached XP level 5. HP: 37/53 MP: 4/4
  1322 | D:2      | Noticed Natasha
  1326 | D:2      | Killed Natasha
  1402 | D:2      | Reached XP level 6. HP: 62/62 MP: 5/5
  1503 | D:2      | Noticed Natasha
  1508 | D:2      | Killed Natasha
  1994 | D:3      | Noticed Ijyb
  2003 | D:3      | Killed Ijyb
  2004 | D:3      | Reached skill level 6 in Unarmed Combat
  2075 | D:3      | Reached *** piety under Trog
  2096 | D:3      | Noticed Grinder
  2122 | D:3      | Paralysed by Grinder for 4 turns
  2126 | D:3      | Killed Grinder
  2127 | D:3      | Reached XP level 7. HP: 41/70 MP: 6/6
  2245 | D:3      | Noticed Jessica
  2255 | D:3      | Killed Jessica
  2355 | D:3      | Reached skill level 7 in Unarmed Combat
  3079 | D:4      | Reached skill level 1 in Maces & Flails
  3184 | D:4      | Reached **** piety under Trog
  3268 | D:4      | Reached XP level 8. HP: 79/79 MP: 7/7
  3347 | D:4      | Found a staircase to the Ecumenical Temple.
  3349 | D:4      | Reached skill level 8 in Unarmed Combat
  3562 | D:4      | Found a runed translucent door.
  3563 | D:4      | Noticed Crazy Yiuf
  3696 | D:4      | Killed Crazy Yiuf
  3735 | D:5      | Entered Level 5 of the Dungeon
  3748 | D:5      | Reached skill level 5 in Fighting
  3836 | D:5      | Found Cotzack's General Store.
  4289 | D:5      | Reached skill level 9 in Unarmed Combat
  4765 | D:6      | Reached XP level 9. HP: 86/88 MP: 8/8
  4828 | D:6      | Reached skill level 5 in Maces & Flails
  5525 | D:7      | Reached skill level 10 in Unarmed Combat
  5543 | D:7      | Noticed Menkaure
  5549 | D:7      | Killed Menkaure
  5549 | D:7      | Reached ***** piety under Trog
  5932 | D:7      | Found a basalt altar of Yredelemnul.
  6011 | D:7      | Reached XP level 10. HP: 47/100 MP: 9/9
  6222 | D:7      | Noticed Dowan
  6223 | D:7      | Noticed Duvessa
  6229 | D:7      | Killed Duvessa
  6241 | D:7      | Killed Dowan
  6573 | D:8      | Noticed Harold
  6604 | D:8      | Killed Harold
  6605 | D:8      | Reached skill level 11 in Unarmed Combat
  6990 | D:8      | Found a staircase to the Lair.
  7425 | D:9      | Noticed a two-headed ogre
  7433 | D:9      | Killed a two-headed ogre
  7488 | D:9      | Slain by a yak

Illustrated notes

Levels and vault maps discovered:
D:1:      giann_forest_graveyard, layout_loops_ring,
          shapermc_ecumenical_altar_venn
D:2:      layout_loops_corners, uniq_natasha, uniq_sigmund
D:3:      layout_loops_ring, gup_sewer_entry_spiral, roderic_serpentine_path,
          amcnicky_mini_corridor_feature, grunt_ministairs_6,
          kennysheep_jessica_study, uniq_grinder, uniq_ijyb
D:4:      layout_loops_ring, minmay_temple_entry_stoned_glass,
          uniq_crazy_yiuf_cottage
D:5:      layout_loops_ring, serial_shops, shop, st_stairs_7,
          grunt_ministairs_13, kennysheep_doodads, minmay_misc_feat_cross
D:6:      layout_loops_ring, wad_rectangle_vault
D:7:      layout_basic, nicolae_overflow_crystal_walls, grunt_ministairs_2,
          uniq_menkaure, uniq_duvessa
D:8:      layout_layer_cave, grunt_lair_entry_orc_guard_hut, uniq_harold
D:9:      layout_roguey, chequers_serial_rivers_marsh,
          chequers_serial_rivers_micro_c

Skill      XL: |  1  2  3  4  5  6  7  8  9 10 |
---------------+-------------------------------+-----
Unarmed Combat | 5 6 7 9 10 11 | 11.5
Fighting       | 3 4 5 6 7 |  7.1
Maces & Flails | 2 4 6 8 |  8.4
Dodging        | |  2.4

Action                   |  1- 3 |  4- 6 |  7- 9 | 10-12 || total
-------------------------+-------+-------+-------+-------++-------
Melee: Unarmed           |   100 |    95 |    32 |       ||   227
       Punch             |     1 |       |    15 |     5 ||    21
       Flail             |       |       |   248 |   111 ||   359
Invok: Berserk           |     1 |     4 |    12 |     6 ||    23
       Brothers in Arms  |       |       |     2 |       ||     2
  Use: Scroll            |       |     4 |     6 |     1 ||    11
       Potion            |       |       |       |     9 ||     9
 Stab: Invisible         |       |       |       |     4 ||     4
Armor: Animal skin       |    34 |    41 |    78 |    57 ||   210
       Skin              |       |       |       |    69 ||    69
Dodge: Dodged            |    60 |    47 |   153 |    59 ||   319

Table legend: (Time is in decaauts)
 A = Elapsed time spent in this place.
 B = Non-inter-level travel time spent in this place.
 C = Inter-level travel time spent in this place.
 D = Time resting spent in this place.
 E = Time spent auto-exploring this place.
 F = Levels seen in this place.
 G = Mean time per level.
                   A        B        C        D        E       F      G
               +--------+--------+--------+--------+--------+-----+--------+
         Total |   7718 |   7108 |    610 |    889 |   5055 |   9 |  857.6 |
       Dungeon |   7718 |   7108 |    610 |    889 |   5055 |   9 |  857.6 |
               +--------+--------+--------+--------+--------+-----+--------+

Top non-repeatable levels by time:
     D:2: 1314 daAuts
     D:8: 1111 daAuts
     D:3: 1060 daAuts
     D:5: 938 daAuts
     D:6: 894 daAuts
     D:7: 845 daAuts
     D:4: 843 daAuts
     D:1: 614 daAuts
     D:9: 97 daAuts
